 Dungeon Crawl Stone Soup version 0.27.1-16-g815e20cd7a (webtiles) character file.

Game seed: 12226731281453339926

238453 pkoi the Brawler (level 18, -3/154 HPs)
             Began as a Pale Draconian Gladiator on Nov 22, 2021.
             Was the Champion of Makhleb.
             Killed from afar by Roxanne (57 damage)
             ... with an iron shot
             ... on level 1 of the Elven Halls on Nov 23, 2021.
             The game lasted 02:03:16 (56864 turns).

pkoi the Brawler (Pale Draconian Gladiator)        Turns: 56864, Time: 02:03:16

Health: -3/154     AC: 16    Str: 18    XL:     18   Next: 99%
Magic:  25/30      EV: 20    Int: 20    God:    Makhleb [******]
Gold:   180        SH:  5    Dex: 19    Spells: 8/27 levels left

rFire    + + +     SeeInvis +     - Unarmed
rCold    + . .     Faith    .   (shield currently unavailable)
rNeg     + + +     Spirit   .   (armour unavailable)
rPois    +         Reflect  +   C - +2 hat of the Harvest {rF+ rN++ Dex+6}
rElec    .         Harm     .   Q - +1 cloak of Mipnuef {rPois rN+ rCorr Stlth+}
rCorr    +         Rampage  .   (gloves currently unavailable)
Will     +....                  N - +1 pair of boots of Fedhas's Fury {rF+}
Stlth    +++.......             k - amulet of reflection
HPRegen  0.35/turn              O - ring of Fuoc {Ice rCorr Int+5}
MPRegen  0.22/turn              u - ring of Basy {Fly rPois rF++ rCorr SInv}

@: blade hands, flying
A: breathe steam, AC +10, unfitting armour, cold-blooded, steam resistance
}: 1/15 runes: serpentine
a: Breathe Steam, End Transformation, Renounce Religion, Minor Destruction,
Lesser Servant of Makhleb, Major Destruction, Greater Servant of Makhleb


You were on level 1 of the Elven Halls.
You worshipped Makhleb.
Makhleb was exalted by your worship.
You had blades for hands.
You visited 7 branches of the dungeon, and saw 32 of its levels.
You also visited: Gauntlet.

You collected 2827 gold pieces.
You spent 2647 gold pieces at shops.

Inventory:

Missiles
 b - 9 throwing nets
 G - 4 curare-tipped darts
Armour
 e - a +2 pair of gloves (melded)
 C - the +2 hat of the Harvest (worn) {rF+ rN++ Dex+6}
   (You found it in a Gauntlet)

   Dex:       It affects your dexterity (+6).
   rF:        It protects you from fire.
   rN:        It greatly protects you from negative energy.
 N - the +1 pair of boots of Fedhas's Fury (worn) {rF+}
   (You found it in a Gauntlet)

   rF:        It protects you from fire.
 Q - the +1 cloak of Mipnuef (worn) {rPois rN+ rCorr Stlth+}
   (You bought it in a shop on level 4 of the Snake Pit)

   rPois:     It protects you from poison.
   rN:        It protects you from negative energy.
   rCorr:     It protects you from acid and corrosion.
   Stlth:     It makes you more stealthy.
Jewellery
 g - the ring "Tesoosoj" {rF+ Int+4 Dex+4 Stlth+}
   (You found it in a Gauntlet)

   [ring of protection from fire]

   Int:       It affects your intelligence (+4).
   Dex:       It affects your dexterity (+4).
   rF:        It protects you from fire.
   Stlth:     It makes you more stealthy.
 k - an amulet of reflection (around neck)
 p - the ring of the Hare {EV+8}
   (You found it on level 5 of the Dungeon)

   [ring of evasion]

   EV:        It affects your evasion (+8).
 u - the ring of Basy (right blade hand) {Fly rPois rF++ rCorr SInv}
   (You found it on level 8 of the Dungeon)

   [ring of flight]

   rF:        It greatly protects you from fire.
   rPois:     It protects you from poison.
   SInv:      It lets you see invisible.
   Fly:       It grants you flight.
   rCorr:     It protects you from acid and corrosion.
 D - a ring of positive energy
 I - a ring of willpower
 O - the ring of Fuoc (left blade hand) {Ice rCorr Int+5}
   (You found it in a Gauntlet)

   [ring of ice]

   It enhances your ice magic.
   Int:       It affects your intelligence (+5).
   rF:        It makes you vulnerable to fire.
   rC:        It protects you from cold.
   rCorr:     It protects you from acid and corrosion.
Wands
 a - a wand of acid (11)
 o - a wand of flame (77) (quivered)
 s - a wand of iceblast (44)
 t - a wand of polymorph (29)
 y - a wand of digging (6)
 A - a wand of mindburst (17)
 F - a wand of charming (12)
Scrolls
 f - 14 scrolls of identify
 j - 2 scrolls of holy word
 l - 2 scrolls of silence
 v - 3 scrolls of enchant armour
 x - 5 scrolls of blinking
 B - 5 scrolls of teleportation
 E - 5 scrolls of enchant weapon
 H - 3 scrolls of fear
 K - 2 scrolls of fog
 M - 4 scrolls of magic mapping
Potions
 c - 3 potions of heal wounds
 d - 7 potions of resistance
 h - a potion of ambrosia
 i - 14 potions of curing
 m - 5 potions of cancellation
 n - 4 potions of magic
 q - 7 potions of might
 r - a potion of invisibility
 z - 2 potions of brilliance
 L - 3 potions of haste


   Skills:
 + Level 11.8 Fighting
 - Level 1.7 Throwing
 + Level 12.3 Dodging
 + Level 18.6 Unarmed Combat
 - Level 5.2 Spellcasting
 + Level 4.2 Hexes
 + Level 10.6 Summonings
 - Level 9.2 Translocations
 + Level 11.3 Transmutations
 + Level 5.1 Fire Magic
 + Level 17.7 Invocations
 - Level 3.0 Evocations


You had 8 spell levels left.
You knew the following spells:

 Your Spells              Type           Power      Damage    Failure   Level
a - Summon Small Mammal   Summ           100%       N/A       8%          1
b - Summon Forest         Summ/Tloc      22%        N/A       34%         5
c - Blink                 Tloc           N/A        N/A       11%         2
d - Gell's Gravitas       Tloc           21%        N/A       13%         3
e - Inner Flame           Hex/Fire       24%        N/A       32%         3
f - Blade Hands           Tmut           25%        N/A       26%         5

Your spell library contained the following spells:

 Spells                   Type           Power      Damage    Failure   Level
 Call Imp                 Summ           47%        N/A       9%          2
 Call Canine Familiar     Summ           47%        N/A       11%         3
 Lesser Beckoning         Tloc           21%        N/A       13%         3
 Summon Guardian Golem    Hex/Summ       35%        N/A       19%         3
 Portal Projectile        Hex/Tloc       64%        N/A       22%         3
 Passage of Golubria      Tloc           N/A        N/A       24%         4
 Foxfire                  Conj/Fire      60%        2x1d7     30%         1
 Tukima's Dance           Hex            22%        N/A       36%         3
 Ice Form                 Ice/Tmut       41%        N/A       47%         4
 Freeze                   Ice            28%        1d5       50%         1
 Magic Dart               Conj           20%        1d4       50%         1
 Conjure Flame            Conj/Fire      15%        6-21      50%         3
 Summon Ice Beast         Ice/Summ       39%        N/A       52%         4
 Yara's Violent Unravell  Hex/Tmut       18%        3d9       52%         5
 Dazzling Flash           Conj/Hex       26%        N/A       54%         3
 Summon Mana Viper        Hex/Summ       35%        N/A       54%         5
 Corpse Rot               Necr/Air       N/A        N/A       58%         2
 Poisonous Vapours        Pois/Air       10%        N/A       58%         2
 Searing Ray              Conj           10%        3d3       58%         2
 Iskenderun's Mystic Bla  Conj/Tloc      23%        2d6       58%         4
 Irradiate                Conj/Tmut      13%        3d18      73%         5
 Frozen Ramparts          Ice            14%        1d3       77%         3
 Stone Arrow              Conj/Erth      10%        3d7       77%         3
 Dispersal                Tloc           21%        N/A       78%         6
 Fulminant Prism          Conj/Hex       6%         3d7       83%         4
 Leda's Liquefaction      Hex/Erth       6%         N/A       83%         4
 Dragon Form              Tmut           25%        N/A       95%         7
 Dispel Undead            Necr           5%         3d7       97%         4
 Hailstorm                Conj/Ice       7%         3d4       97%         4
 Olgreb's Toxic Radiance  Pois           5%         N/A       97%         4
 Monstrous Menagerie      Summ           23%        N/A       97%         7
 Summon Hydra             Summ           23%        N/A       97%         7
 Bolt of Magma            Conj/Fire/Erth 6%         4d6       98%         5
 Eringya's Noxious Bog    Tmut/Pois      13%        N/A       99%         6
 Statue Form              Tmut/Erth      18%        N/A       99%         6
 Lee's Rapid Deconstruct  Erth           2%         3d6*      100%        5
 Lightning Bolt           Conj/Air       2%         1d14      100%        5
 Conjure Ball Lightning   Conj/Air       2%         3x3d6     100%        6
 Death Channel            Necr           2%         N/A       100%        6
 Starburst                Conj/Fire      7%         6d4       100%        6
 Ozocubu's Refrigeration  Ice            3%         4d5       100%        7
 Ignition                 Fire           13%        3d6       100%        8
 Shatter                  Erth           2%         3d6*      100%        9
 Animate Armour           Summ/Erth      Unusable   N/A       N/A         4

Dungeon Overview and Level Annotations

Branches:
Dungeon (14/15)            Temple (1/1) D:6            Lair (6/6) D:10
  Swamp (4/4) Lair:4        Snake (4/4) Lair:4        Slime (0/5) Lair:6
    Orc (2/2) D:9             Elf (1/3) Orc:2        Vaults (0/5) D:14
Gauntlet (visited)

Altars:
Ashenzari
Cheibriados
Dithmenos
Elyvilon
Fedhas
Gozag
Hepliaklqana
Kikubaaqudgha
Makhleb
Nemelex Xobeh
Okawaru
Qazlal
Ru
Sif Muna
Trog
Uskayaw
Vehumet
Wu Jian
Xom
Yredelemnul
Zin
The Shining One
Beogh

Shops:
D:3 :   D:4 *   D:8 [*   D:9 :   D:10 (   D:12 =   Orc:1 (   Orc:2 [[[[
Elf:1 [[!   Snake:3 ==:   Snake:4 [[:

Annotations:
D:13 2 runed translucent doors, Dirphi Vium's ghost, journeyman MiBe
D:14 1 runed translucent door, Ataamo Cuhex's ghost, legendary MiBe
Lair:6 2 runed translucent doors, exclusion: oklob plant
Swamp:4 Lernaean hydra
Snake:1 2 transporters
Snake:2 3 runed translucent doors, zeram's ghost, journeyman HOFi
Snake:3 2 transporters, bronco's ghost, adept DECj
Elf:1 Roxanne


Innate Abilities, Weirdness & Mutations

You have blades for hands.
Your spellcasting is less reliable in this form.
You are incapable of wielding weapons or throwing items.
You can breathe blasts of scalding, opaque steam.
Your pale cyan-grey scales are hard. (AC +10)
You cannot fit into any form of body armour.
You are cold-blooded and may be slowed by cold attacks.
You are immune to the effects of steam.


Message History

a +0 short sword; an elf skeleton Roxanne, Geomancer Emeritus comes into view.
Marking area around Roxanne as unsafe for travelling.
Your magical contamination has completely faded away.
Roxanne says, "At least I didn't end up somewhere with nobody to talk to."
Roxanne mumbles some strange words.
You blink.
Casting: Blade Hands (mildly dangerous; 3% risk of failure)
Confirm with . or Enter, or press ? or * to list all spells.
Your hands turn into razor-sharp scythe blades.
Your +2 pair of gloves melds into your body.
Roxanne mumbles some strange words.
The bolt of magma hits you!! You partially resist.
Roxanne mumbles some strange words.
The bolt of magma hits you!! You partially resist.
Roxanne asks, "Say, could you scratch my back for me?"
You slash Roxanne! x2
Roxanne is lightly damaged.
You slash Roxanne!
Roxanne is moderately damaged.
You shred Roxanne!!!
Roxanne is moderately damaged.
Roxanne casts a spell.
The crystal spear hits you!!!
* * * LOW HITPOINT WARNING * * *
You slice Roxanne!!
You tail-slap Roxanne, but do no damage.
Roxanne is heavily damaged.
You hit Roxanne. You tail-slap Roxanne.
Roxanne is heavily damaged.
You slash Roxanne! You slash Roxanne, but do no damage.
Roxanne is severely damaged.
You slash Roxanne! You slash Roxanne.
Roxanne is severely damaged.
You shred Roxanne!!!
You tail-slap Roxanne, but do no damage.
Roxanne is almost destroyed.
Roxanne casts a spell.
The iron shot hits you!!!
You die...

#.# ... ........##
#.## .. #.......'.
#...
.##.......##.####.##
#.........##......##
#.#.......#######.##
#.........# #.#.
#.##.8.......# #...
#.....@......# ##..#
######.......#
##...# #.......#
##....) #.......#
#...)..
#......>###...##.)
#.......'....# ##.
#.......#.... ##.
#.......#.#.. ##..
#.....).#.# ......


You could see Roxanne.

Vanquished Creatures
  Agnes (Snake:4)
  A thorn hunter (Swamp:3)
  Donald (Snake:4)
  2 fenstrider witches
  Louise (Snake:4)
  An orc warlord (Orc:1)
  Aizul (Elf:1)
  A deep elf demonologist (Elf:1)
  Nessos (D:12)
  2 bunyips
  A minotaur (Gauntlet)
  A dire elephant (shapeshifter) (Gauntlet)
  A shambling mangrove (Swamp:1)
  4 eleionomae
  21 hydras
  A vault guard (D:14)
  A great orb of eyes (Gauntlet)
  4 salamander tyrants
  15 naga warriors
  5 boulder beetles
  4 centaur warriors
  14 anacondas
  3 ghost crabs
  Erica (D:10)
  7 two-headed ogres
  2 dancing weapons (Elf:1)
  11 alligators
  7 orc high priests (Orc:2)
  14 naga sharpshooters
  5 deep elf knights (Elf:1)
  8 death yaks
  Urug (Lair:1)
  11 shock serpents
  Nergalle (Lair:2)
  A fire crab (Lair:6)
  9 salamander mystics
  A spriggan druid (Swamp:4)
  7 sea snakes
  9 naga ritualists
  5 goliath frogs
  2 bog bodies
  3 deep elf archers
  2 wizards (D:14)
  5 lindwurms
  3 swamp dragons
  16 deep elf pyromancers
  12 mana vipers
  A necromancer (D:14)
  9 deep elf zephyrmancers (Elf:1)
  2 orc knights (Orc:1)
  6 cyclopes
  A manticore (D:13)
  3 ugly things
  3 orc sorcerers
  49 salamanders
  A manticore (shapeshifter) (Elf:1)
  A moth of wrath (Gauntlet)
  2 will-o-the-wisps (Swamp:4)
  18 elephants
  Maurice (D:10)
  43 black mambas
  2 molten gargoyles (Lair:6)
  10 guardian serpents
  The ghost of riftmaster1123 the Conjurer, a novice DrCj of Sif Muna (D:4)
  13 naga magi
  15 cane toads
  3 gargoyles
  2 rime drakes (Lair:6)
  A cane toad (shapeshifter) (D:14)
  An efreet (D:8)
  3 unseen horrors
  12 komodo dragons
  5 kobold demonologists
  A bloated husk (Swamp:1)
  5 trolls
  A hornet (Swamp:3)
  4 polar bears
  9 tyrant leeches
  14 blink frogs
  Grinder (D:5)
  An air elemental (Elf:1)
  A vampire (D:12)
  4 wraiths
  3 shadows
  8 wyverns
  95 yaks
  21 humans (D:14)
  A spriggan (Swamp:3)
  A fire elemental (Elf:1)
  A water elemental (Elf:1)
  9 basilisks
  3 steam dragons
  15 vampire mosquitoes
  15 swamp worms
  11 wargs
  32 nagas
  2 acid dragons
  17 water moccasins
  4 hell hounds (Lair:6)
  6 swamp drakes
  32 orc warriors
  3 sky beasts
  4 black bears
  2 ice beasts
  9 ogres
  A necrophage (D:5)
  3 wolves (Lair:3)
  6 centaurs
  8 kobold brigands
  19 bullfrogs
  A gnoll sergeant (D:7)
  A scorpion (D:5)
  A water moccasin zombie (D:4)
  4 wights
  3 electric eels (Snake:3)
  6 howler monkeys
  4 vampire bats (D:12)
  5 lava snakes (Lair:6)
  A bullfrog zombie (D:6)
  A hound (D:6)
  2 bullfrog skeletons
  39 orc priests
  3 gnoll shamans
  Jessica (D:2)
  2 iguanas
  18 orc wizards
  2 killer bee zombies
  A hound skeleton (D:5)
  A howler monkey skeleton (D:4)
  20 gnolls
  23 adders
  A shadow imp (D:5)
  13 white imps
  2 ufetubi (D:4)
  An adder skeleton (D:4)
  An adder zombie (D:5)
  2 worms (D:2)
  2 dart slugs (D:1)
  101 orcs
  6 ball pythons
  2 endoplasms
  5 giant cockroaches
  6 goblins
  13 hobgoblins
  14 jackals
  31 kobolds
  4 quokkas
  6 bats
  2 frilled lizards
  2 rats (D:1)
1163 creatures vanquished.

Vanquished Creatures (collateral kills)
  Gastronok (Lair:2)
  Sonja (Lair:5)
  2 elephants (Lair:6)
  A cane toad (Lair:1)
  A basilisk (Lair:6)
  An orc wizard (Orc:1)
  An orc (Orc:1)
8 creatures vanquished.

Vanquished Creatures (others)
  An alligator (Swamp:3)
  2 deep elf zephyrmancers (Elf:1)
  2 bloated husks
  A swamp worm (Swamp:2)
  A water moccasin (Lair:6)
  A bush (Lair:2)
  18 foxfires (Swamp:4)
  57 fungi
  171 plants
254 creatures vanquished.

Grand Total: 1425 creatures vanquished

Notes
Turn   | Place    | Note
-------+----------+-------------------------------------------
     0 | D:1      | pkoi the Draconian Gladiator began the quest for the Orb.
     0 | D:1      | Reached XP level 1. HP: 17/17 MP: 1/1
   137 | D:1      | Reached XP level 2. HP: 23/24 MP: 2/2
   153 | D:1      | Found a faded altar of an unknown god.
   158 | D:1      | Got Plato's Reference Book on the Entourage
   434 | D:1      | Reached skill level 4 in Unarmed Combat
   664 | D:1      | You fall into a shaft and drop 1 floor!
   685 | D:2      | Reached XP level 3. HP: 15/29 MP: 3/3
  1250 | D:2      | Noticed Jessica
  1254 | D:2      | Killed Jessica
  1255 | D:2      | Reached skill level 5 in Unarmed Combat
  1255 | D:2      | Reached XP level 4. HP: 35/36 MP: 4/4
  1855 | D:3      | Found Biymm's Book Shop.
  1956 | D:3      | Noticed a +0 dagger
  1956 | D:3      | Noticed a +0 spear
  1956 | D:3      | Noticed a +0 short sword
  1957 | D:3      | Noticed a +0 falchion
  1957 | D:3      | Noticed a +0 spear
  1958 | D:3      | Noticed a +0 falchion
  1960 | D:3      | Noticed a +0 short sword
  1968 | D:3      | Noticed a +0 dagger
  2000 | D:3      | Found a hide-covered altar of Uskayaw.
  2425 | D:3      | Reached XP level 5. HP: 15/41 MP: 5/5
  2873 | D:4      | Identified a scroll of acquirement
  2873 | D:4      | Acquired a manual of Invocations
  2916 | D:4      | Reached skill level 6 in Unarmed Combat
  3140 | D:4      | Found Amiopu's General Store.
  3222 | D:4      | Bought a scroll of teleportation for 39 gold pieces
  3222 | D:4      | Bought a potion of curing for 39 gold pieces
  3239 | D:4      | Noticed a black bear
  3265 | D:4      | Killed a black bear
  3266 | D:4      | Reached XP level 6. HP: 18/48 MP: 5/7
  3786 | D:4      | Reached skill level 7 in Unarmed Combat
  3869 | D:4      | Your scales start taking on a pale cyan-grey colour.
  3869 | D:4      | Reached XP level 7. HP: 33/55 MP: 8/10
  3869 | D:4      | Gained mutation: You are immune to the effects of steam.
                  | [Pale Draconian growth]
  4011 | D:4      | Found a transporter.
  4027 | D:4      | Found a transporter.
  4027 | D:4      | Noticed riftmaster1123's ghost (novice DrCj)
  4128 | D:5      | Entered Level 5 of the Dungeon
  4211 | D:5      | Reached skill level 5 in Invocations
  4355 | D:5      | Reached skill level 8 in Unarmed Combat
  4653 | D:5      | Noticed Grinder
  4663 | D:5      | Killed Grinder
  4664 | D:5      | Reached skill level 9 in Unarmed Combat
  4664 | D:5      | Reached XP level 8. HP: 41/61 MP: 11/13
  4809 | D:5      | Found the ring of the Hare {EV+8}
  5361 | D:6      | Identified the +10 quarterstaff of Desertification
                  | {distort, *Rage Drain rPois rCorr}
  5634 | D:6      | Reached skill level 10 in Unarmed Combat
  5880 | D:6      | Found a staircase to the Ecumenical Temple.
  5901 | Temple   | Entered the Ecumenical Temple
  6065 | Temple   | Became a worshipper of Makhleb the Destroyer
  6370 | D:7      | Reached XP level 9. HP: 65/67 MP: 13/15
  6726 | D:7      | Learned a level 1 spell: Summon Small Mammal
  6985 | D:7      | Reached * piety under Makhleb
  7387 | D:7      | Reached skill level 11 in Unarmed Combat
  7387 | D:7      | Reached skill level 1 in Spellcasting
  7387 | D:7      | Reached skill level 1 in Summonings
  7681 | D:8      | Reached skill level 10 in Invocations
  7690 | D:8      | Identified the ring of Basy {Fly rPois rF++ rCorr SInv}
  7796 | D:8      | Found Rizagg's Assorted Antiques.
  7852 | D:8      | Noticed an efreet
  7870 | D:8      | Killed an efreet
  8124 | D:8      | Found Duamom's Armour Shop.
  8223 | D:8      | Noticed a cyclops
  8842 | D:9      | Reached XP level 10. HP: 70/78 MP: 14/17
  9119 | D:9      | Noticed an elephant
  9129 | D:9      | Killed an elephant
  9156 | D:9      | Reached ** piety under Makhleb
  9158 | D:9      | Found a staircase to the Orcish Mines.
  9200 | D:9      | Noticed an elephant
  9383 | D:9      | Killed an elephant
  9518 | D:9      | Found an ornate altar of the Wu Jian Council.
  9538 | D:9      | Noticed an elephant
  9542 | D:9      | Noticed an elephant
  9586 | D:9      | Killed an elephant
  9646 | D:9      | Killed an elephant
  9933 | D:9      | Found Maxo's Book Shoppe.
 10006 | D:9      | Reached skill level 12 in Unarmed Combat
 10022 | D:9      | Reached skill level 5 in Fighting
 10654 | D:10     | Entered Level 10 of the Dungeon
 10698 | D:10     | Found a staircase to the Lair.
 10914 | D:10     | Noticed Maurice
 10921 | D:10     | Killed Maurice
 11014 | D:10     | Noticed Erica
 11019 | D:10     | Killed Erica
 11019 | D:10     | Reached *** piety under Makhleb
 11020 | D:10     | Reached skill level 5 in Dodging
 11020 | D:10     | Reached XP level 11. HP: 88/88 MP: 19/19
 11317 | D:10     | Noticed a two-headed ogre
 11327 | D:10     | Killed a two-headed ogre
 11489 | D:10     | Found Zeset's Weapon Emporium.
 11622 | Lair:1   | Entered Level 1 of the Lair of Beasts
 11767 | D:10     | Reached skill level 13 in Unarmed Combat
 11805 | Lair:1   | Noticed Urug
 11827 | Lair:1   | Killed Urug
 12015 | Lair:1   | Noticed a five-headed hydra
 12262 | D:11     | You are sucked into a shaft and drop 1 floor!
 12280 | D:12     | Noticed a seven-headed hydra
 12280 | D:12     | Noticed a green ugly thing
 12615 | D:11     | Noticed a two-headed ogre
 12646 | D:11     | Killed a two-headed ogre
 12741 | D:11     | Reached XP level 12. HP: 100/100 MP: 21/21
 12765 | D:11     | Reached **** piety under Makhleb
 13167 | Lair:1   | Killed a five-headed hydra
 13530 | Lair:1   | Acquired a Fen Folio
 13538 | Lair:1   | Learned a level 5 spell: Summon Forest
 13629 | D:10     | Reached skill level 1 in Translocations
 14019 | Lair:2   | Noticed an eight-headed hydra
 14170 | Lair:2   | Killed an eight-headed hydra
 14171 | Lair:2   | Reached skill level 14 in Unarmed Combat
 14273 | Lair:2   | Noticed Nergalle
 14296 | Lair:2   | Killed Nergalle
 14297 | Lair:2   | Reached skill level 5 in Summonings
 15669 | D:4      | Bought a +2 pair of boots for 214 gold pieces
 15732 | D:4      | Killed riftmaster1123's ghost
 15950 | Lair:3   | Noticed Gastronok
 15959 | Lair:3   | Reached XP level 13. HP: 108/108 MP: 23/23
 15966 | Lair:2   | Reached ***** piety under Makhleb
 15984 | Lair:2   | Killed Gastronok
 16710 | Lair:4   | Found a staircase to the Snake Pit.
 16953 | Lair:4   | Found a shimmering altar of Xom.
 17013 | Lair:4   | Acquired the Catalogue of the Quantum Escort
 17018 | Lair:4   | Learned a level 2 spell: Blink
 17232 | Lair:4   | Found a staircase to the Swamp.
 17766 | Lair:4   | Reached skill level 15 in Unarmed Combat
 18179 | Lair:5   | Found a gate leading to a gauntlet.
 18184 | Gauntlet | Entered a Gauntlet
 18184 | Gauntlet | Found a transporter.
 18184 | Gauntlet | Found a transporter.
 18184 | Gauntlet | Found a large runed translucent door.
 18184 | Gauntlet | Found a large runed translucent door.
 18184 | Gauntlet | Found a large runed translucent door.
 18184 | Gauntlet | Found a large runed translucent door.
 18184 | Gauntlet | Found a large runed translucent door.
 18184 | Gauntlet | Found a large runed translucent door.
 18184 | Gauntlet | Found a runed translucent door.
 18184 | Gauntlet | Found a runed translucent door.
 18184 | Gauntlet | Found a large runed translucent door.
 18184 | Gauntlet | Found a large runed translucent door.
 18184 | Gauntlet | Found a large runed translucent door.
 18184 | Gauntlet | Found a large runed translucent door.
 18184 | Gauntlet | Found a large runed translucent door.
 18184 | Gauntlet | Found a large runed translucent door.
 18188 | Gauntlet | Found a transporter.
 18188 | Gauntlet | Found a transporter.
 18207 | Gauntlet | Found a transporter.
 18215 | Gauntlet | Found a transporter.
 18217 | Gauntlet | Found a transporter.
 18217 | Gauntlet | Found a transporter.
 18221 | Gauntlet | Found a transporter.
 18255 | Gauntlet | Found a transporter.
 18268 | Gauntlet | Found a large runed translucent door.
 18269 | Gauntlet | Found a large runed translucent door.
 18271 | Gauntlet | Found a runed translucent gate.
 18272 | Gauntlet | Found a runed translucent gate.
 18273 | Gauntlet | Found a runed translucent gate.
 18273 | Gauntlet | Found a transporter.
 18291 | Gauntlet | Found a large runed translucent door.
 18292 | Gauntlet | Found a large runed translucent door.
 18319 | Gauntlet | Found a transporter.
 18333 | Gauntlet | Found a transporter.
 18425 | Gauntlet | Found a transporter.
 18435 | Gauntlet | Found a transporter.
 18435 | Gauntlet | Noticed a ghost moth
 18435 | Gauntlet | an alligator changed into a ghost moth
 18436 | Gauntlet | Noticed a quicksilver ooze
 18436 | Gauntlet | a ghost moth changed into a quicksilver ooze
 18449 | Gauntlet | Found a transporter.
 18519 | Gauntlet | Noticed a storm dragon
 18524 | Gauntlet | Noticed a dire elephant
 18524 | Gauntlet | a storm dragon changed into a dire elephant
 18557 | Gauntlet | Killed a dire elephant
 18567 | Gauntlet | Identified the ring "Tesoosoj" {rF+ Int+4 Dex+4 Stlth+}
 18767 | Gauntlet | Identified the +2 hat of the Harvest {rF+ rN++ Dex+6}
 18842 | Gauntlet | Identified the +5 trident "Vel Filei" {vamp, Int+4 Stlth+}
 18844 | Gauntlet | Identified the ring of the Falcon {rF+ rCorr Str-5 Dex+6
                  | Slay+2 Stlth+}
 18847 | Gauntlet | Reached skill level 5 in Translocations
 18888 | Gauntlet | Noticed a minotaur
 18912 | Gauntlet | Killed a minotaur
 19081 | Gauntlet | Identified the +1 pair of boots of Fedhas's Fury {rF+}
 19082 | Gauntlet | Got the Compendium of Translocation and Calling
 19097 | Gauntlet | Identified the ring of Fuoc {Ice rCorr Int+5}
 19100 | Gauntlet | Identified the +0 buckler of Absence {rPois rF+ SInv}
 19948 | Lair:5   | Reached skill level 15 in Invocations
 19963 | Lair:5   | Reached XP level 14. HP: 116/116 MP: 21/25
 20074 | Lair:5   | Noticed Sonja
 20087 | Lair:5   | Killed Sonja
 20606 | Lair:6   | Entered Level 6 of the Lair of Beasts
 20996 | Lair:6   | Reached ****** piety under Makhleb
 21471 | Lair:6   | Reached skill level 16 in Unarmed Combat
 22232 | Lair:6   | Found a staircase to the Slime Pits.
 22564 | Lair:6   | Found a large runed translucent door.
 22564 | Lair:6   | Found a large runed translucent door.
 23763 | D:12     | Noticed Nessos
 23793 | D:12     | Killed Nessos
 24184 | D:12     | Reached XP level 15. HP: 123/123 MP: 26/26
 24397 | D:12     | Found Fuorph's Jewellery Emporium.
 25578 | Swamp:1  | Entered Level 1 of the Swamp
 25753 | Swamp:1  | Reached skill level 10 in Dodging
 25755 | Swamp:1  | Reached skill level 17 in Unarmed Combat
 26441 | Swamp:2  | Reached skill level 1 in Evocations
 26631 | Swamp:2  | Noticed a fenstrider witch
 26638 | Swamp:2  | Killed a fenstrider witch
 27576 | Swamp:2  | HP: 5/122 [spectral fenstrider witch[a ghost crab] (7)]
 28333 | Snake:1  | Entered Level 1 of the Snake Pit
 28346 | Snake:1  | Found a transporter.
 29736 | Snake:1  | Found a transporter.
 30137 | Snake:2  | Acquired the Collected Works on Displaced Lightness
 30225 | Snake:1  | Learned a level 3 spell: Gell's Gravitas
 30229 | Snake:1  | Learned a level 3 spell: Inner Flame
 30883 | Snake:2  | Reached skill level 1 in Fire Magic
 31188 | Snake:2  | Noticed zeram's ghost (journeyman HOFi)
 31201 | Snake:2  | Found a runed translucent gate.
 31201 | Snake:2  | Noticed a nagaraja
 31202 | Snake:2  | Found a runed translucent gate.
 31204 | Snake:2  | Found a runed translucent gate.
 31207 | Snake:2  | Reached XP level 16. HP: 129/129 MP: 28/28
 31245 | Snake:2  | Reached skill level 1 in Hexes
 32393 | Snake:2  | Identified the +9 battleaxe of Ejodauf {vamp, rElec Dex+8
                  | Stlth+}
 32801 | Snake:3  | Noticed bronco's ghost (adept DECj)
 32802 | Snake:3  | Found a transporter.
 32850 | Snake:3  | Reached skill level 10 in Summonings
 33960 | Snake:3  | Reached skill level 5 in Spellcasting
 34513 | Snake:3  | Found a transporter.
 35003 | Snake:3  | Found Kacsuos's Book Emporium.
 35003 | Snake:3  | Found Xigutoiq's Jewellery Shop.
 35004 | Snake:3  | Found Anacagg's Jewellery Shop.
 35024 | Snake:3  | Bought a book of Transfigurations for 560 gold pieces
 35030 | Snake:3  | Learned a level 5 spell: Blade Hands
 35077 | Snake:3  | Reached skill level 1 in Transmutations
 36453 | Snake:4  | Entered Level 4 of the Snake Pit
 36508 | Snake:4  | Reached skill level 5 in Transmutations
 36558 | Snake:4  | Noticed Donald
 36599 | Snake:4  | Killed Donald
 36944 | Snake:4  | Found Xuwoig Zoyxa's Armour Boutique.
 36949 | Snake:4  | Found Buhacuihow's Antique Armour Boutique.
 36961 | Snake:4  | Bought the +1 cloak of Mipnuef {rPois rN+ rCorr Stlth+} for
                  | 699 gold pieces
 37895 | Snake:4  | Found Zuk Huy's Book Boutique.
 39610 | Snake:4  | Reached XP level 17. HP: 130/136 MP: 19/29
 40827 | Snake:4  | Noticed Agnes
 41585 | Snake:4  | Killed Agnes
 43036 | Orc:1    | Entered Level 1 of the Orcish Mines
 43310 | Orc:1    | Found Upsiczua's Weapon Emporium.
 43502 | Orc:2    | Entered Level 2 of the Orcish Mines
 43541 | Orc:2    | Found a staircase to the Elven Halls.
 44839 | Snake:4  | Reached skill level 10 in Fighting
 44920 | Snake:4  | Noticed Louise
 45094 | Snake:4  | Killed Louise
 45410 | Snake:4  | Reached skill level 18 in Unarmed Combat
 45882 | Snake:4  | Reached skill level 10 in Transmutations
 46699 | Snake:4  | HP: 6/141 [something (13)]
 46705 | Snake:4  | HP: 6/141 [salamander mystic/bolt of magma (13)]
 47421 | Snake:4  | Got a serpentine rune of Zot
 47978 | Swamp:3  | Reached XP level 18. HP: 143/149 MP: 23/30
 48264 | Swamp:3  | Identified the +1 scimitar "Riosm" {flame, rC- Str+6}
 48544 | Swamp:4  | Entered Level 4 of the Swamp
 48867 | Swamp:4  | Noticed the 27-headed Lernaean hydra
 50575 | D:13     | Found a large runed translucent door.
 50575 | D:13     | Found a large runed translucent door.
 50576 | D:13     | Noticed Dirphi Vium's ghost (journeyman MiBe)
 51493 | D:14     | Found a runed translucent door.
 51497 | D:14     | Noticed Ataamo Cuhex's ghost (legendary MiBe)
 51500 | D:14     | Identified the +6 trident of the Vestibule of Hell
                  | {antimagic, rElec rF+ Will+ Dex-3}
 51728 | D:14     | Found an iron altar of Okawaru.
 51924 | D:14     | Found a gate to the Vaults.
 52077 | D:14     | Found a glowing golden altar of the Shining One.
 53155 | Orc:2    | Found Magehavu's Antique Armour Emporium.
 53155 | Orc:2    | Found Kehan's Antique Armour Boutique.
 53975 | Orc:2    | Found a shimmering altar of Xom.
 54049 | Orc:2    | Found Esaism's Antique Armour Emporium.
 54049 | Orc:2    | Found Efaxke's Antique Armour Boutique.
 54054 | Orc:2    | Bought a pair of runed gloves for 285 gold pieces
 54312 | Orc:2    | Bought a pair of glowing boots for 285 gold pieces
 54344 | Orc:2    | Bought a pair of runed boots for 202 gold pieces
 54636 | Elf:1    | Entered Level 1 of the Elven Halls
 55032 | Elf:1    | Found Ludwehedgh's Armour Shoppe.
 55631 | Elf:1    | Found Zuymal's Assorted Antiques.
 55634 | Elf:1    | Found Powkikhi's Distillery.
 55643 | Elf:1    | Bought a potion of haste for 180 gold pieces
 55643 | Elf:1    | Bought a potion of invisibility for 144 gold pieces
 55973 | Elf:1    | Got Owni's Catalogue of Illusion
 56324 | Elf:1    | Got the Reference Book on the Aerial Mountains
 56430 | Elf:1    | Reached skill level 5 in Fire Magic
 56444 | Elf:1    | Found Busk's Armour Shop.
 56493 | Elf:1    | Noticed Aizul
 56501 | Elf:1    | Killed Aizul
 56845 | Elf:1    | Identified Roxanne's Disquisition on the Rocks
 56845 | Elf:1    | Noticed Roxanne
 56864 | Elf:1    | Killed from afar by Roxanne

Illustrated notes

Levels and vault maps discovered:
D:1:      psy_arrival_radial02, layout_basic,
          shapermc_ecumenical_altar_rom_forum, minmay_misc_feat_iff
D:2:      layout_rooms, grunt_decor_resistance, uniq_jessica
D:3:      layout_basic, nicolae_uskayaw_en_pointe, serial_shops, shop_statue
D:4:      layout_rooms, gammafunk_ghost_mausoleum, serial_shops,
          nicolae_shop_competitors_out_of_business
D:5:      layout_rooms, uniq_grinder
D:6:      layout_loops_cross, minmay_temple_entry_tees, nrook_mini_vaults
D:7:      layout_layer_cave, lemuel_flame_loot_1
D:8:      layout_gridville, serial_shops, nicolae_shop_stone, shop,
          kennysheep_nondescript, skrybe_limestone_x, kennysheep_generic_room_3
D:9:      wad_woods_stonehenge, layout_basic, orc_0_dummy, serial_shops,
          nicolae_shop_crystal, minivault_11
D:10:     layout_small_grid, lair_entry_dummy, serial_shops,
          nicolae_shop_temple_entry_statues_fountains,
          chequers_serial_rivers_small_a, uniq_maurice, uniq_erica
D:11:     layout_long_grid, minmay_misc_feat_room
D:12:     layout_loops_ring, serial_rivers, chequers_serial_rivers_micro_c,
          chequers_serial_rivers_room_a, chequers_serial_rivers_micro_b,
          chequers_serial_rivers_small_3, serial_shops,
          nicolae_shop_behind_doors, special_room [special_room_orc],
          serial_bayou_pond_e, roderic_batcave, nrook_campfire,
          evilmike_minifort, uniq_nessos
D:13:     layout_cave_pools, ebering_ghost_disaster_area
D:14:     layout_roguey, grunt_vaults_entry_tiered, ebering_ghost_funeral_grove,
          tso_altar, okawaru_ov_weapons_minmay
Temple:   kilobyte_greek_temple
Lair:1:   layout_hall_layers, uniq_urug
Lair:2:   minmay_lair_venomous_thicket, layout_loops_ring,
          infiniplex_staircase_pool_2, uniq_nergalle
Lair:3:   layout_misc_corridors, lemuel_fruit_tree, uniq_gastronok
Lair:4:   layout_cave_pods, palyth_hydra_swamp_entry,
          guppyfry_snake_entry_island, basic_altar
Lair:5:   beast_lair_carwin_large_1, layout_cave_pods, gauntlet_entry_generic,
          portal_ice_cave_entry_imps, uniq_sonja
Lair:6:   cheibrodos_lair_end_hotspot, layout_regular_city,
          minmay_slime_entry_oklob_open
Swamp:1:  layout_basic_swamp, hangedman_swamp_cone
Swamp:2:  layout_basic_swamp, evilmike_swamp_ruin_house_3, swamp_pool4
Swamp:3:  layout_falls_marsh, evilmike_swamp_ruin_rubble_2,
          infiniplex_staircase_pool
Swamp:4:  swamp_old_school, layout_basic_swamp, swamp_pool1, ldierk_geyser,
          nicolae_swamp_bloodsuckers_inc
Snake:1:  gammafunk_its_a_trap, layout_onion, nrook_loot_triangle
Snake:2:  layout_layer_cave, gammafunk_ghost_split, nicolae_snake_gridmaze_waves
Snake:3:  layout_chambers, gammafunk_ghost_arena, guppyfry_snake_island,
          minmay_shop_grove, serial_bayou_shore_a
Snake:4:  snake_pit_salamanders_mu, layout_cave_town, serial_shops, shop,
          nicolae_snake_salamander_zone, minmay_shop_star, uniq_agnes,
          uniq_donald, uniq_louise
Orc:1:    layout_caves, special_room [special_room_orc], serial_shops,
          nicolae_shop_temple_entry_statues_fountains, lightli_orcish_oven
Orc:2:    st_orc_town, layout_caves, basic_altar
Elf:1:    elf_arrival_001, layout_gridlike, serial_shops, shop,
          nicolae_shop_waterfront, nicolae_shop_behind_doors, shop,
          minmay_elf_demonology, uniq_roxanne, uniq_aizul

Skill      XL: |  1  2  3  4  5  6  7  8  9 10 11 12 13 14 15 16 17 18 |
---------------+-------------------------------------------------------+-----
Unarmed Combat | 4 5 6 7 9 10 11 12 13 14 15 16 17 18 | 18.6
Invocations    | 2 4 6 9 10 11 13 14 15 16 17 | 17.7
Dodging        | 3 5 6 7 8 9 10 11 12 | 12.3
Spellcasting   | 2 4 5 |  5.2
Summonings     | 2 4 5 7 8 9 10 | 10.6
Fighting       | 3 5 7 8 10 11 | 11.8
Translocations | 3 5 7 8 9 |  9.2
Evocations     | 2 3 |  3.0
Fire Magic     | 1 3 5 |  5.1
Hexes          | 3 4 |  4.2
Transmutations | 8 10 11 | 11.3
Throwing       | |  1.7

Action                   |  1- 3 |  4- 6 |  7- 9 | 10-12 | 13-15 | 16-18 || total
-------------------------+-------+-------+-------+-------+-------+-------++-------
Melee: Unarmed           |   101 |   219 |   382 |   736 |  1692 |  1961 ||  5091
       Tailslap          |    14 |    21 |    54 |    93 |   367 |   392 ||   941
       Punch             |     1 |     2 |    16 |    46 |   180 |   248 ||   493
 Cast: Summon Small Mamm |       |       |       |     3 |       |       ||     3
       Inner Flame       |       |       |       |       |     2 |       ||     2
       Summon Forest     |       |       |       |       |     1 |     5 ||     6
       Gell's Gravitas   |       |       |       |       |     1 |       ||     1
       Blade Hands       |       |       |       |       |       |    85 ||    85
Invok: Lesser Servant of |       |       |       |     2 |     3 |     1 ||     6
 Abil: Breathe Steam     |       |       |     5 |    24 |    21 |    10 ||    60
       End Transformatio |       |       |       |       |       |     1 ||     1
Evoke: Wand              |       |       |     5 |       |    43 |    55 ||   103
  Use: Scroll            |       |     8 |     5 |    12 |     6 |     8 ||    39
       Potion            |       |       |       |       |     2 |     4 ||     6
 Stab: Sleeping          |       |       |     1 |       |     3 |    10 ||    14
       Invisible         |       |       |       |       |     3 |       ||     3
       Distracted        |       |       |       |       |     2 |    10 ||    12
Armor: Skin              |    34 |    80 |    74 |   148 |   381 |   464 ||  1181
Dodge: Dodged            |    91 |   150 |   363 |   606 |  1613 |  1603 ||  4426
Block: Other             |       |       |       |       |       |   112 ||   112
       Reflection        |       |       |       |       |       |     5 ||     5
